 Dungeon Crawl Stone Soup version 0.30.1-11-g7821555f0a (webtiles) character file.

Game seed: 7237577995186055039

136 bnorton916 the Conjurer (level 4, -5/24 HPs)
             Began as a Deep Elf Conjurer on Dec 15, 2023.
             Slain by a cerulean imp
             ... wielding a +2 spear
             ... summoned by Natasha
              (6 damage)
             ... on level 2 of the Dungeon.
             The game lasted 00:02:42 (2549 turns).

bnorton916 the Conjurer (Deep Elf Conjurer)         Turns: 2549, Time: 00:02:43

Health: -5/24      AC:  3    Str:  4    XL:     4   Next: 98%
Magic:  11/13      EV: 12    Int: 25    God:
Gold:   63         SH:  0    Dex: 13    Spells: 2/13 levels left

rFire   . . .        (no weapon)
rCold   . . .        (no shield)
rNeg    . . .        a - +0 robe
rPois   .            m - +0 helmet
rElec   .            (no cloak)
rCorr   .            (no gloves)
SInv    .            (no boots)
Will    .....        (no amulet)
Stlth   ++           (no ring)
HPRegen 0.24/turn    (no ring)
MPRegen 0.13/turn

%: no passive effects
@: no status effects
A: no striking features
a: no special abilities


You were on level 2 of the Dungeon.
You visited 1 branch of the dungeon, and saw 2 of its levels.

You collected 63 gold pieces.

Inventory:

Hand Weapons
 c - a +1 hand axe of pain
 l - a +1 short sword of draining
Armour
 a - a +0 robe (worn)
 m - a +0 helmet (worn)
Jewellery
 k - a ring of resist corrosion
 p - a +5 ring of evasion
Scrolls
 d - 3 scrolls of identify {unknown}
 g - a scroll of magic mapping {unknown}
 i - a scroll of fear {unknown}
 j - a scroll of blinking {unknown}
 o - a scroll of silence {unknown}
Potions
 b - a potion of magic
 e - 2 potions of degeneration {unknown}
 f - a potion of heal wounds {unknown}
 h - a potion of attraction {unknown}
 n - a potion of might {unknown}


   Skills:
 - Level 2.4 Dodging
 - Level 2.4 Stealth
 + Level 5.2 Spellcasting
 + Level 5.6 Conjurations
 + Level 1.1 Hexes
 - Level 0.2 Necromancy
 + Level 0.6 Translocations


You had 2 spell levels left.
You knew the following spells:

 Your Spells              Type           Power      Damage    Failure   Level
a - Magic Dart            Conj           100%       1d8       1%          1
b - Searing Ray           Conj           68%        2d6       1%          2
c - Fulminant Prism       Conj/Hex       11%        3d8       21%         4
d - Iskenderun's Mystic   Conj/Tloc      22%        2d6       22%         4

Your spell library contained the following spells:

 Spells                   Type           Power      Damage    Failure   Level
 Dazzling Flash           Conj/Hex       46%        N/A       6%          3


Dungeon Overview and Level Annotations

Branches:
Dungeon (2/15)

Altars:
Elyvilon
Sif Muna

Annotations:
D:2 Natasha


Message History

The magic dart hits Natasha.
Natasha is moderately wounded.
Natasha zaps a wand.
The bolt of light hits you!
Casting: Magic Dart (safe; 1% risk of failure)
Confirm with . or Enter, or press ? or * to list all spells.
Aiming: Magic Dart (safe; 1% risk of failure)
Press: ? - help, Shift-Dir - straight line, f/p - Natasha
Aim: Natasha, carrying a wand of light (5) (moderately wounded, 100% to hit)
The magic dart hits Natasha.
Natasha is heavily wounded.
Natasha zaps a wand.
The bolt of light hits you!
* * * LOW HITPOINT WARNING * * *
Casting: Magic Dart (safe; 1% risk of failure)
Confirm with . or Enter, or press ? or * to list all spells.
Aiming: Searing Ray (safe; 1% risk of failure)
Press: ? - help, Shift-Dir - straight line, f - you, p - Natasha
Okay, then.
You aren't carrying any items that you can evoke.
Unknown command.
Casting: Searing Ray (safe; 1% risk of failure)
Confirm with . or Enter, or press ? or * to list all spells.
Aiming: Magic Dart (safe; 1% risk of failure)
Press: ? - help, Shift-Dir - straight line, f/p - Natasha
Aim: Natasha, carrying a wand of light (4) (heavily wounded, 100% to hit)
The magic dart hits Natasha.
Natasha is almost dead.
Natasha mumbles some strange words.
Unknown command.
You see here a +0 falchion.
Natasha extends her claws.
The cerulean imp hits you from afar with a +2 spear.
* * * LOW HITPOINT WARNING * * *
The cerulean imp hits you from afar with a +2 spear.
* * * LOW HITPOINT WARNING * * *
The cerulean imp hits you from afar with a +2 spear.
* * * LOW HITPOINT WARNING * * *
There is a stone staircase leading up here.
Unknown command.
The cerulean imp hits you from afar with a +2 spear.
You die...

######## #......# ###
######.#####.#
#...h5..# #######
#)#####.# #......
#.#@.5h.# #.#####
#.#.##..# #.# #
########.#..#..# #.# #
.......#h####..# #.# #
....5..........# #†# #
........######.######.#
# ........# #........#
# ## ....h...#
############## ..
........#
#.............


You could see Natasha and a cerulean imp (summoned).

Vanquished Creatures
  Natasha (twice) (D:2)
  Robin (D:2)
  2 adders (D:2)
  2 worms (D:2)
  3 ball pythons (D:1)
  5 bats
  7 endoplasms
  A giant cockroach (D:2)
  17 goblins
  2 hobgoblins (D:2)
  A quokka (D:2)
  2 frilled lizards (D:1)
  2 kobolds
  4 rats (D:1)
51 creatures vanquished.

Notes
Turn   | Place    | Note
-------+----------+-------------------------------------------
     0 | D:1      | bnorton916 the Deep Elf Conjurer began the quest for the
                  | Orb.
     0 | D:1      | Reached XP level 1. HP: 10/10 MP: 6/6
   340 | D:1      | Reached XP level 2. HP: 15/15 MP: 4/8
   440 | D:1      | Found a faded altar of an unknown god.
   853 | D:1      | Learned a level 2 spell: Searing Ray
  1032 | D:1      | Found a white marble altar of Elyvilon.
  1120 | D:2      | Reached skill level 5 in Conjurations
  1120 | D:2      | Reached XP level 3. HP: 19/19 MP: 7/10
  1307 | D:2      | Noticed Robin
  1346 | D:2      | Killed Robin
  1685 | D:2      | Found a shimmering blue altar of Sif Muna.
  1781 | D:2      | Reached XP level 4. HP: 22/22 MP: 9/12
  1822 | D:2      | Noticed Natasha
  1828 | D:2      | Killed Natasha
  1911 | D:2      | Reached skill level 5 in Spellcasting
  1941 | D:2      | Learned a level 4 spell: Fulminant Prism
  1946 | D:2      | Learned a level 4 spell: Iskenderun's Mystic Blast
  2392 | D:2      | Noticed Natasha
  2396 | D:2      | Killed Natasha
  2397 | D:2      | Reached skill level 1 in Hexes
  2529 | D:2      | Noticed Natasha
  2548 | D:2      | HP: 1/24 [cerulean imp/+2 spear[Natasha] (1)]
  2549 | D:2      | Slain by a cerulean imp

Illustrated notes

Levels and vault maps discovered:
D:1:      dpeg_arrival_lava_altar, layout_loops_ring,
          hellmonk_ecumenical_altar_blasted
D:2:      layout_basic, serial_aquarium, aquarium_bridge_long_joined
          [aquarium_subvault_bridge, aquarium_subvault_bridge,
          aquarium_subvault_balcony, aquarium_subvault_bridge,
          aquarium_subvault_wall, aquarium_subvault_wall], aquarium_window_fake,
          aquarium_window_3, aquarium_window_fake, aquarium_window_fake,
          aquarium_view_2e, aquarium_view_2d, aquarium_balcony_5b, basic_altar,
          kennysheep_nondescript, uniq_natasha, uniq_robin

Skill      XL: |  1  2  3  4 |
---------------+-------------+-----
Spellcasting   | 4 5 |  5.2
Conjurations   | 5 |  5.6
Hexes          | 1 |  1.1
Dodging        | |  2.4
Stealth        | |  2.4
Necromancy     | |  0.2
Translocations | |  0.6

Action                     |  1- 3 |  4- 6 || total
---------------------------+-------+-------++-------
   Cast: Magic Dart        |    72 |    27 ||    99
         Searing Ray       |     3 |     1 ||     4
 Armour: Robe              |     5 |     1 ||     6
  Dodge: Dodged            |     6 |     1 ||     7
